[Event "*** Titled Tuesday Blitz"]
[Site "Chess.com"]
[Date "2018.07.03"]
[Round "4"]
[White "pKiLz5Rn9b"]
[Black "GMMatamoros"]
[Result "1-0"]
[WhiteElo "2734"]
[BlackElo "2516"]
[TimeControl "180+2"]
[EndTime "13:50:53 PDT"]
[Termination "pKiLz5Rn9b won on time"]

1. Nf3 Nf6 2. b3 g6 3. Bb2 Bg7 4. g3 d6 5. d4 c5 6. Bg2 cxd4 7. Nxd4 d5 8. O-O O-O 9. c4 dxc4 10. Nd2 cxb3 11. Qxb3 Nc6 12. Nxc6 bxc6 13. Rfd1 Be6 14. Qc2 Qb6 15. Nb3 Rad8 16. Qxc6 Ng4 17. Qxb6 axb6 18. Bxg7 Kxg7 19. Nd4 Bd5 20. Nf5+ gxf5 21. Bxd5 Nf6 22. Bb3 Ne4 23. Rac1 Nc5 24. Bc4 Kf6 25. Bd5 e6 26. Bf3 h6 27. e3 Ne4 28. Rc2 Rxd1+ 29. Bxd1 Rd8 30. Be2 Rd2 31. Rxd2 Nxd2 32. f4 Ne4 33. Bc4 Ke7 34. Kg2 Kd6 35. Kh3 Kc5 36. Bb3 Kb4 37.
g4 fxg4+ 38. Kxg4 Nf6+ 39. Kf3 Kc3 40. e4 Kd4 41. e5 Ne4 42. Ba4 1-0

[Event "*** Titled Tuesday Blitz"]
[Site "Chess.com"]
[Date "2018.07.03"]
[Round "4"]
[White "jeetjain"]
[Black "GhostOfGreenval"]
[Result "1-0"]
[WhiteElo "2442"]
[BlackElo "2451"]
[TimeControl "180+2"]
[EndTime "13:50:54 PDT"]
[Termination "jeetjain won on time"]

1. e4 e5 2. Nf3 Nc6 3. Bc4 Bc5 4. c3 Nf6 5. b4 Bb6 6. d3 d6 7. a4 a6 8. O-O h6 9. Be3 Ba7 10. Nbd2 Qe7 11. Qc2 Bd7 12. b5 Nb8 13. Rfb1 Bxe3 14. fxe3 b6 15. bxa6 Nxa6 16. a5 Nb8 17. axb6 Rxa1 18.
Rxa1 cxb6 19. Qb3 O-O 20. Qxb6 Nc6 21. Qb3 Rb8 22. Qc2 Be6 23. h3 d5 24. exd5 Nxd5 25. Bxd5 Bxd5 26. e4 Qc5+ 27. Kh2 Be6 28. Rc1 Rd8 29.
Nf1 f6 30. Qe2 Qb5 31. c4 Qb3 32. Rd1 Bxc4 33. Ne1 Ba6 34. Ne3 Nb4 35. Nf5 Bc8 36. Ne7+ Kf7 37. Nxc8 Rxc8 38. d4 exd4 39. Rxd4 1-0

[Event "*** Titled Tuesday Blitz"]
[Site "Chess.com"]
[Date "2018.07.03"]
[Round "4"]
[White "NemtsevIgor"]
[Black "Flawless2018"]
[Result "1/2-1/2"]
[WhiteElo "2404"]
[BlackElo "2418"]
[TimeControl "180+2"]
[EndTime "13:50:55 PDT"]
[Termination "Game drawn by agreement"]

1. d4 Nf6 2. Bf4 e6 3. Nf3 d5 4.
e3 Bd6 5. Bg3 b5 6. Bxb5+ Bd7 7.
Bxd7+ Qxd7 8. Bxd6 Qxd6 9. O-O Nbd7 10. Nbd2 O-O 11. c4 Rab8 12. Qc2 c5 13. Rfd1 cxd4 14.
Nxd4 e5 15. Nb5 Qb4 16. a3 Qa5 17. b4 Qb6 18. a4 a6 19. c5 Qc6 20. Na7 Qb7 21. c6 Qxa7 22. cxd7 Qxd7 23. Qc3 Rfc8 24.
Qxe5 Rxb4 25. Nf3 Rg4 26. Rac1 Rcc4 27. Qb8+ Qe8 28. Qxe8+ Nxe8 29. Ne5 Rxc1 30. Rxc1 Rxa4 31. f4 f6 32. Rc8 fxe5 33. Rxe8+ Kf7 34. Rxe5 Ra1+ 35.
Kf2 Ra2+ 36. Kf3 Rd2 37. e4 dxe4+ 38. Rxe4 a5 39. Re5 a4 40. Ra5 Ra2 41. h4 a3 42.
g3 Ra1 43. Kg2 a2 44. Ra6 h5 45. Ra8 g6 46. Ra6 Ke7 47. Ra8 Ke6 48. Ra5 Kd6 49. Kh2 Kc6 50. Ra8 Kb6 51. Kg2 Kc5 52. Ra4 1/2-1/2

[Event "*** Titled Tuesday Blitz"]
[Site "Chess.com"]
[Date "2018.07.03"]
[Round "4"]
[White "grandmastergauri"]
[Black "ChainsOfFantasia"]
[Result "1/2-1/2"]
[WhiteElo "2483"]
[BlackElo "2380"]
[TimeControl "180+2"]
[EndTime "13:51:03 PDT"]
[Termination "Game drawn by agreement"]

1. e4 e5 2. Nf3 Nf6 3. Nc3 Nc6 4. Bb5 Bc5 5. O-O O-O 6. d3 Re8 7. Bxc6 bxc6 8. Ne2 d5 9. Ng3 h6 10. h3 Rb8 11. Re1 Ba6 12. exd5 Qxd5 13. Ne4 Nxe4 14. dxe4 Qe6 15. b3 Rbd8 16. Bd2 Bd4 17. Nxd4 exd4 18. Qf3 c5 19. Qg3 Kh7 20. Qxc7 c4 21. bxc4 Bxc4 22. Qxa7 Re7 23. Qc5 Bxa2 24. Qf5+ Qxf5 25. exf5 Rxe1+ 26. Bxe1 Bc4 27. Rd1 d3 28. cxd3 Rxd3 29. Rc1 Bb3 30. Rb1 Bc2 31. Rc1 Ba4 32. Rc4 Bb3 33. Re4 Rd1 34. g4 g6 35. f6 g5 36. f4 gxf4 37. Kf2 Kg6 38. Rxf4 Rd3 39. h4 h5 40. g5 Rh3 41. Rb4 Be6 42. Ke2 Rh2+ 43.
Ke3 Rh3+ 44. Kd4 Rh1 45. Bf2 Rh2 46. Ke3 Rh3+ 47. Ke2 Bg4+ 48. Kd2 Rh2 49. Ke3 Rh3+ 50. Kd2 Rh2 51. Rf4 Rh3 52. Kc2 Rf3 53. Rxf3 Bxf3 54. Kc3 Bg4 55. Kd4 1/2-1/2

[Event "*** Titled Tuesday Blitz"]
[Site "Chess.com"]
[Date "2018.07.03"]
[Round "4"]
[White "canwedoit"]
[Black "WPWPWP-2015"]
[Result "0-1"]
[WhiteElo "2519"]
[BlackElo "2413"]
[TimeControl "180+2"]
[EndTime "13:51:04 PDT"]
[Termination "WPWPWP-2015 won by resignation"]

1. d4 d5 2. Bf4 Nf6 3. e3 Bf5 4. Nd2 e6 5. c3 c6 6. h3 Nbd7 7.
Ngf3 Be7 8. Be2 O-O 9. O-O Re8 10. Bh2 Nf8 11. Ne5 N6d7 12. f4 f6 13. Nxd7 Qxd7 14.
Qe1 Bd6 15. g4 Bg6 16. Qh4 Be7 17. Bf3 Bd8 18. Rae1 Bd3 19. Rf2 g5 20. Qg3 Ng6 21.
Bh1 Bc7 22. Qf3 Nh4 23. Qd1 Bg6 24. Nf3 Nxf3+ 25. Bxf3 e5 26. dxe5 fxe5 27. f5 Bf7 28. e4 Rad8 29. Rd2 d4 30. cxd4 Bb6 31. Kg2 Bxd4 32. Bg1 c5 33. b4 b6 34. Be3 Qe7 35. Bxd4 cxd4 36. a3 Rc8 37. Rd3 Bc4 38. Rd2 Bf7 39. Be2 Rc3 40. Qa4 Rec8 41. Rd3 Rc2 42. Kf3 Kh8 43. Red1 Be8 44. Qb3 Bb5 45. R3d2 R2c3+ 46. Rd3 Bxd3 47. Qa4 Bb5+ 0-1

[Event "*** Titled Tuesday Blitz"]
[Site "Chess.com"]
[Date "2018.07.03"]
[Round "4"]
[White "Yurovskykh_Oleksandr"]
[Black "djamir"]
[Result "0-1"]
[WhiteElo "2411"]
[BlackElo "2607"]
[TimeControl "180+2"]
[EndTime "13:51:09 PDT"]
[Termination "djamir won by resignation"]

1. c4 Nf6 2. g3 g6 3. Bg2 d5 4. cxd5 Nxd5 5. Nc3 Nb6 6. Nf3 Bg7 7. O-O O-O 8. d3 Nc6 9. Be3 h6 10. Qd2 Kh7 11.
Rfc1 e5 12. Ne4 Nd4 13. Nxd4 exd4 14. Bf4 Nd5 15. h4 Nxf4 16. Qxf4 c6 17. Rc5 Qe7 18.
Qd6 Re8 19. Qxe7 Rxe7 20. Bf3 Be6 21. a3 a5 22. Nd2 Bf8 23. h5 g5 24. g4 a4 25.
Be4+ Kh8 26. f3 Ree8 27. Rc2 Ra5 28. Nc4 Rb5 29. Rd1 Rd8 30. Kf2 Bd6 31. Kf1 Bf4 32.
Kf2 Kg7 33. Kf1 Kf6 34. Kf2 Rc5 35. Kf1 Ke7 36. Ne3 Rxc2 37. Nxc2 Bb3 0-1

[Event "*** Titled Tuesday Blitz"]
[Site "Chess.com"]
[Date "2018.07.03"]
[Round "4"]
[White "icychess54"]
[Black "Art10ECHR"]
[Result "1-0"]
[WhiteElo "2114"]
[BlackElo "2287"]
[TimeControl "180+2"]
[EndTime "13:51:09 PDT"]
[Termination "icychess54 won by resignation"]

1. c4 e6 2. Nf3 d5 3. e3 Nf6 4. Nc3 Bd6 5. Be2 O-O 6. O-O Nbd7 7. b3 b6 8. Bb2 Bb7 9. Rc1 a6 10. d4 Ne4 11. Nxe4 dxe4 12. Nd2 f5 13. Qc2 Qh4 14. g3 Qh6 15. Rfd1 c5 16. Nf1 Nf6 17. dxc5 Bxc5 18.
Rd2 Ng4 19. Bxg4 fxg4 20. Rd7 Rf7 21. Rcd1 Raf8 22. Rxf7 Rxf7 23. Rd8+ Rf8 24. Qd2 Qh5 25. Qd7 Qf7 26. Rxf8+ Bxf8 27. Qd4 Bc5 28. Qe5 Be7 29. Nd2 h5 30. Nxe4 Kh7 31. Ng5+ Bxg5 32. Qxg5 Qd7 33.
Qxh5+ Kg8 34. Qxg4 b5 35. Qd4 Qf7 36. cxb5 axb5 37.
Qf4 Qd7 38. Qd4 Qc7 39. f4 Kf8 40. Ba3+ Ke8 41. Qd6 Qf7 42. Qb8+ 1-0

[Event "*** Titled Tuesday Blitz"]
[Site "Chess.com"]
[Date "2018.07.03"]
[Round "4"]
[White "GM_dmitrij"]
[Black "attack2mateU"]
[Result "1-0"]
[WhiteElo "2820"]
[BlackElo "2667"]
[TimeControl "180+2"]
[EndTime "13:51:12 PDT"]
[Termination "GM_dmitrij won on time"]

1. e4 c5 2. Nf3 d6 3. Bb5+ Nd7 4. a4 Nf6 5. Nc3 g6 6. a5 Bg7 7. a6 O-O 8. O-O Ne8 9. d4 cxd4 10.
Nxd4 Nc7 11. axb7 Bxb7 12. Nc6 Qe8 13. Na5 Bxc3 14. Bxd7 Qxd7 15. Nxb7 Bg7 16. Na5 Qb5 17. Ra2 Ne6 18. Qd5 a6 19. c4 Qxd5 20. exd5 Nd4 21. Be3 Rfb8 22. Bxd4 Bxd4 23. Rb1 Rb4 24. b3 Bf6 25.
Nc6 Rb6 26. b4 e6 27. b5 exd5 28. cxd5 Kg7 29. Kf1 Bc3 30. Rb3 Bf6 31. g3 g5 32.
g4 Kg6 33. h3 h5 34. Rb4 hxg4 35. hxg4 Bc3 36. Rc4 Bf6 37. Rb4 Bc3 38. Rb3 Bf6 39. Kg2 Kg7 40. Ra5 Kg6 41. Kf3 Bd8 42. Rba3 Rb7 43.
Rxa6 1-0

[Event "*** Titled Tuesday Blitz"]
[Site "Chess.com"]
[Date "2018.07.03"]
[Round "4"]
[White "penguingm1"]
[Black "PaulfromSPb"]
[Result "1-0"]
[WhiteElo "2765"]
[BlackElo "2518"]
[TimeControl "180+2"]
[EndTime "13:51:15 PDT"]
[Termination "penguingm1 won by checkmate"]

1. d4 Nf6 2. c4 e6 3. Nc3 Bb4 4. Qc2 O-O 5. Nf3 b6 6. e4 Bb7 7. Bd3 Ne8 8. e5 f5 9. d5 Bxc3+ 10. bxc3 Na6 11. Ba3 Nc5 12. Bxc5 bxc5 13. Rb1 Rb8 14. O-O g6 15. Rfd1 exd5 16. Be2 d4 17. cxd4 Be4 18.
Rxb8 Qxb8 19. Qa4 Bc6 20. Qa3 Bxf3 21. Bxf3 cxd4 22. Rxd4 d6 23. h3 Qb1+ 24. Rd1 Qb6 25. exd6 cxd6 26. Bd5+ Kg7 27. Re1 Qc7 28. Rb1 Qc5 29.
Qc3+ Nf6 30. Rb5 Qc8 31. Rb7+ Kh6 32. Qe3+ g5 33. Qe7 Qe8 34. Qg7+ Kh5 35. Re7 Qd8 36. Bf3+ g4 37. hxg4+ fxg4 38. Re6 gxf3 39. g4+ Nxg4 40.
Qxh7+ Kg5 41. Qg6+ Kh4 42. Re4 Qd7 43. Qh6# 1-0

[Event "*** Titled Tuesday Blitz"]
[Site "Chess.com"]
[Date "2018.07.03"]
[Round "4"]
[White "jk13"]
[Black "Keranke"]
[Result "0-1"]
[WhiteElo "2558"]
[BlackElo "2756"]
[TimeControl "180+2"]
[EndTime "13:51:16 PDT"]
[Termination "Keranke won by resignation"]

1. e4 g6 2. d4 Bg7 3. Nf3 d6 4. c3 Nf6 5. Bd3 O-O 6. O-O Nbd7 7. Qe2 e5 8. dxe5 dxe5 9. Na3 Re8 10. Bg5 h6 11. Be3 b6 12. Rad1 Bb7 13. Qc2 Qe7 14. Rfe1 Nc5 15. Bxc5 Qxc5 16. Nc4 Rad8 17. Ne3 a5 18. a4 Rd6 19. Rd2 Red8 20. Red1 R6d7 21. h3 h5 22. Ng5 Bh6 23. h4 Kg7 24. Nf1 Ng4 25.
Bb5 Rxd2 26. Rxd2 Rxd2 27. Qxd2 Qe7 28. f3 Qc5+ 29. Kh1 Qf2 30. Qxf2 Nxf2+ 31. Kg1 Nd1 32. b3 Nxc3 33. Bc4 Bxg5 34. hxg5 c6 35. Ne3 b5 36. Bf1 Bc8 37. Bd3 Be6 38. Bc2 Ne2+ 39. Kf2 Nd4 40. b4 axb4 41. a5 b3 42. Bd3 Bc8 43. Ke1 c5 44. Kd2 c4 45. Bf1 Nc6 46. Kc3 Ba6 47.
Nd5 b4+ 48. Nxb4 Nxb4 49. Kxb4 b2 0-1

[Event "*** Titled Tuesday Blitz"]
[Site "Chess.com"]
[Date "2018.07.03"]
[Round "4"]
[White "SergeiAza"]
[Black "Fandorine"]
[Result "0-1"]
[WhiteElo "2680"]
[BlackElo "2749"]
[TimeControl "180+2"]
[EndTime "13:51:18 PDT"]
[Termination "Fandorine won by resignation"]

1. e4 g6 2. d4 Bg7 3. Nf3 d6 4. Nc3 Nf6 5. Be3 O-O 6. Qd2 a6 7. Bh6 b5 8. Bd3 Bb7 9. Bxg7 Kxg7 10. O-O-O b4 11. e5 bxc3 12. exf6+ exf6 13. Qxc3 Nd7 14. h4 h5 15. Rhe1 Nb6 16. Qa5 Qd7 17. Be4 Bxe4 18.
Rxe4 Qb5 19. Qxb5 axb5 20. a3 Na4 21. c3 Nb6 22. Kc2 Nd5 23. g3 Rfe8 24. Rde1 Rxe4 25.
Rxe4 f5 26. Re2 f4 27. Ng5 fxg3 28. fxg3 f6 29. Ne6+ Kf7 30. Nf4 Nxf4 31. gxf4 g5 32.
fxg5 fxg5 33. hxg5 Rh8 34. Kd3 Kg6 35. Re7 h4 36. Re6+ Kxg5 37. Re7 h3 38. Rg7+ Kh4 39. Rg1 h2 40. Re1 Kg3 41. c4 bxc4+ 42. Kxc4 h1=Q 43. Rxh1 Rxh1 44. a4 Kf4 45. Kd5 Ra1 46. b3 Ke3 47. Kc6 Kxd4 48. Kxc7 Kc5 0-1

[Event "*** Titled Tuesday Blitz"]
[Site "Chess.com"]
[Date "2018.07.03"]
[Round "4"]
[White "moro182"]
[Black "Zaven_ChessMood"]
[Result "1/2-1/2"]
[WhiteElo "2628"]
[BlackElo "2873"]
[TimeControl "180+2"]
[EndTime "13:51:28 PDT"]
[Termination "Game drawn by repetition"]

1. d4 Nf6 2. c4 c5 3. Nf3 cxd4 4. Nxd4 Nc6 5. Nc3 e6 6. a3 Be7 7. e4 Qc7 8. Nf3 O-O 9. Be3 Ng4 10. Qd2 Nxe3 11.
Qxe3 d6 12. Be2 a6 13. O-O b6 14. Rac1 Bb7 15. Nd5 exd5 16. cxd5 Qd7 17. dxc6 Bxc6 18.
Nd4 Bb7 19. Nf5 Bf6 20. Rfd1 d5 21. Bg4 Qd8 22. exd5 g6 23. Ng3 Bxb2 24. Rb1 Re8 25. Qb3 Bg7 26. Qxb6 Qxb6 27. Rxb6 Bc8 28. Bxc8 Raxc8 29.
d6 Rc2 30. h3 h5 31. Rxa6 h4 32. Ne4 Rd8 33. Ra5 Rc4 34. Nc5 Rxd6 35. Rxd6 Rc1+ 36.
Kh2 Be5+ 37. g3 Bxd6 38. Ne4 hxg3+ 39. fxg3 Rc2+ 40. Kg1 Bc7 41. Nf6+ Kf8 42. Ra8+ Ke7 43. Nd5+ Ke6 44. Nxc7+ Rxc7 45. Kg2 Ke5 46. h4 Rc1 47.
Re8+ Kf5 48. Re3 Ra1 49. Kf2 Kg4 50. Re4+ Kh3 51. Re3 Kg4 52. Re4+ Kh3 53. Re3 Kg4 54. Re4+ 1/2-1/2

[Event "*** Titled Tuesday Blitz"]
[Site "Chess.com"]
[Date "2018.07.03"]
[Round "4"]
[White "volodja49"]
[Black "dachessmandan"]
[Result "1-0"]
[WhiteElo "2471"]
[BlackElo "2424"]
[TimeControl "180+2"]
[EndTime "13:51:36 PDT"]
[Termination "volodja49 won by checkmate"]

1. d4 Nf6 2. c4 e6 3. Nf3 b6 4. g3 Bb7 5. Bg2 Be7 6. O-O O-O 7. Nc3 d6 8. Qc2 Nbd7 9. e4 e5 10. Re1 Re8 11. h3 c5 12. dxe5 dxe5 13. Nd5 Bxd5 14.
exd5 Bd6 15. b3 Nf8 16. Bb2 Ng6 17. Re2 e4 18. Bxf6 exf3 19. Bxd8 Rxe2 20. Qd1 Rxd8 21.
Bxf3 Rb2 22. Rb1 Rxa2 23. Ra1 Rb2 24. Rxa7 Be5 25. Bh5 Bd4 26. Qf3 Rxf2 27. Qxf2 Bxf2+ 28. Kxf2 Ne5 29. Rb7 g6 30. Be2 Rd6 31. Ke3 Kg7 32. Ke4 Kf6 33. h4 h6 34. g4 g5 35. h5 Nd7 36. Bd3 Kg7 37. Ke3 Nf6 38. Bf5 Ne8 39.
Be6 Kg8 40. Rxf7 Ng7 41. Rd7+ Rxe6+ 42. dxe6 Nxe6 43. Rd6 Nd4 44. Rxd4 cxd4+ 45. Kxd4 Kf7 46. Ke5 Ke7 47. b4 Kd7 48. Kd5 Ke7 49. c5 b5 50.
c6 Kd8 51. Kc5 Kc7 52. Kxb5 Kd6 53. Kb6 Ke5 54. c7 Kf4 55. c8=Q Kg3 56. Qf5 Kh4 57.
Kc5 Kh3 58. b5 Kh4 59. b6 Kh3 60. b7 Kh4 61. b8=Q Kh3 62. Qbe5 Kh4 63. Qe1+ Kh3 64. Qf3+ Kh2 65. Qeg3# 1-0

[Event "*** Titled Tuesday Blitz"]
[Site "Chess.com"]
[Date "2018.07.03"]
[Round "4"]
[White "pultineviciuspaulius"]
[Black "Korchmar_Vasiliy"]
[Result "0-1"]
[WhiteElo "2605"]
[BlackElo "2693"]
[TimeControl "180+2"]
[EndTime "13:51:42 PDT"]
[Termination "Korchmar_Vasiliy won by resignation"]

1. Nf3 c5 2. d4 cxd4 3. Nxd4 g6 4. g3 Bg7 5. Bg2 Nc6 6. Nb3 Nf6 7. O-O O-O 8. e4 d6 9. h3 a5 10. Na3 a4 11. Nd2 Be6 12. Re1 Qd7 13. Kh2 Rab8 14. c3 b5 15. Nc2 b4 16. Nd4 Ne5 17. Nxe6 fxe6 18. Qe2 bxc3 19. bxc3 Rbc8 20. Bb2 a3 21. Bxa3 Rxc3 22. Bb4 Rc2 23. Qd1 Qa4 24. a3 Nd3 25. Rf1 Nxb4 26. axb4 Ng4+ 27. Qxg4 Bxa1 28. Qxe6+ Rf7 29.
e5 Rxd2 30. Bd5 Rxd5 31. Qxd5 Bxe5 32. b5 Qd4 33. Qa8+ Kg7 34. Kg2 d5 35. Qc6 Qe4+ 36. f3 Qc4 37. Qe6 Bd6 38. b6 Qb3 39. h4 Rf6 40.
Qd7 Qxb6 41. h5 gxh5 42. Qe8 Qb2+ 43. Rf2 Qe5 44. f4 Qe4+ 45. Kh2 Qg6 46. Qb5 d4 47. Qc4 h4 48. Rg2 hxg3+ 49. Rxg3 Bxf4 0-1

[Event "*** Titled Tuesday Blitz"]
[Site "Chess.com"]
[Date "2018.07.03"]
[Round "4"]
[White "Polish_fighter3000"]
[Black "Rock700chess"]
[Result "1-0"]
[WhiteElo "2753"]
[BlackElo "2453"]
[TimeControl "180+2"]
[EndTime "13:51:44 PDT"]
[Termination "Polish_fighter3000 won by checkmate"]

1. d4 Nf6 2. Bg5 d5 3. Bxf6 exf6 4. e3 Bd6 5. g3 O-O 6. Bg2 c6 7. Ne2 Re8 8. Nd2 Be6 9. b3 a5 10.
c4 a4 11. c5 Bc7 12. b4 Nd7 13. a3 b5 14. cxb6 Nxb6 15. Rc1 Bd7 16. Rc3 Bd6 17.
Qc2 f5 18. h4 Qe7 19. f4 f6 20. Kf2 g5 21. hxg5 fxg5 22. Nf3 Nc4 23. Ne5 Bxe5 24.
fxe5 Kg7 25. Bf1 h6 26. Nc1 Nb6 27. Bd3 Rf8 28. Ne2 Rac8 29. Ke1 Be6 30. Kd2 Nc4+ 31. Bxc4 dxc4 32. Rxc4 Bxc4 33. Qxc4 Qf7 34. Qxf7+ Rxf7 35. Kc3 Kg6 36. Kc4 h5 37. Kc5 Rd7 38. Nc3 Rh7 39.
Rg1 g4 40. e4 h4 41. exf5+ Kxf5 42. Rf1+ Kg6 43. gxh4 Rxh4 44. Ne4 Rh3 45. Rf6+ Kh5 46. Rf5+ Kg6 47. Rg5+ Kh6 48. Rxg4 Rxa3 49. e6 Re3 50. e7 a3 51. Nd6 a2 52. Rg1 Ra8 53.
Nf5+ Kh7 54. Nxe3 a1=Q 55. Rxa1 Rxa1 56. e8=Q Rc1+ 57. Kd6 Rg1 58. Qh5+ Kg7 59. Nf5+ Kf6 60. Qh4+ Rg5 61. Ne7 c5 62. bxc5 Kf7 63. Qxg5 Ke8 64. Qg8# 1-0

[Event "*** Titled Tuesday Blitz"]
[Site "Chess.com"]
[Date "2018.07.03"]
[Round "4"]
[White "Kaphrep"]
[Black "kungmongmanh"]
[Result "1/2-1/2"]
[WhiteElo "2667"]
[BlackElo "2494"]
[TimeControl "180+2"]
[EndTime "13:51:46 PDT"]
[Termination "Game drawn by agreement"]

1. b3 e5 2. Bb2 Nc6 3. Nf3 e4 4.
Nd4 Nxd4 5. Bxd4 Nf6 6. e3 d5 7. c4 Be7 8. cxd5 Qxd5 9. Nc3 Qf5 10. Be2 c6 11. O-O O-O 12. f3 exf3 13. Bxf3 Qg6 14. Ne2 Nh5 15. Bxh5 Qxh5 16. Nf4 Qxd1 17.
Raxd1 Rd8 18. Bc3 Bg4 19. Rde1 Bh4 20. g3 Be7 21. h3 Bd7 22. g4 Bd6 23. Nh5 Bf8 24.
Rf2 Be8 25. Ref1 Rd7 26. Ng3 Rad8 27. Nf5 b6 28. h4 c5 29. h5 h6 30. Kh2 b5 31. d4 cxd4 32. Bxd4 Rc8 33. Kh3 a5 34.
Nh4 a4 35. Nf3 f6 36. Nh4 axb3 37. axb3 Rdc7 38. Ng6 Bd6 39. Nf4 Bxf4 40. exf4 Rc2 41.
f5 Bf7 42. b4 R2c4 43. Bc5 Rd8 44. Rf3 Re8 45. Kg3 Ree4 46. Rf4 Rxf4 47. Rxf4 Rxf4 48. Kxf4 Bc4 49. Bd6 Kf7 50. Bc7 Bd3 51. Ke3 Bc4 52. Bg3 Bb3 53. Kd2 Bd5 54. Ke3 Bb3 55. Be1 1/2-1/2

[Event "*** Titled Tuesday Blitz"]
[Site "Chess.com"]
[Date "2018.07.03"]
[Round "4"]
[White "VitaliyBernadskiy"]
[Black "INDIAN-ELEPHANT"]
[Result "1-0"]
[WhiteElo "2710"]
[BlackElo "2597"]
[TimeControl "180+2"]
[EndTime "13:51:47 PDT"]
[Termination "VitaliyBernadskiy won on time"]

1. e4 e5 2. Bc4 Nf6 3. d3 c6 4.
Qe2 Be7 5. Nf3 O-O 6. O-O d6 7. c3 b5 8. Bb3 Be6 9. Bc2 c5 10. Nbd2 Nc6 11. Re1 Rc8 12. Nf1 Re8 13. Ng3 h6 14. h3 Bf8 15. Nh2 d5 16. Ng4 Nxg4 17. hxg4 g6 18. exd5 Bxd5 19. Ne4 f6 20. Be3 f5 21. gxf5 gxf5 22. Nxc5 f4 23. Qg4+ Qg5 24.
Qxg5+ hxg5 25. Nd7 Be6 26. Nxf8 Rxf8 27. Bc5 Rfd8 28.
d4 Kf7 29. dxe5 Rd2 30. Bb3 Rxb2 31. Rad1 Rd8 32. Rd6 Bxb3 33. axb3 Rxd6 34. exd6 Rxb3 35. d7 Rxc3 36. Re5 Nxe5 37. d8=Q Rxc5 38. f3 a6 39. Qd6 Rc1+ 40. Kh2 Re1 41. Qxa6 Re2 42. Kg1 Rb2 43. Qd6 Rb1+ 44. Kh2 1-0

[Event "*** Titled Tuesday Blitz"]
[Site "Chess.com"]
[Date "2018.07.03"]
[Round "4"]
[White "meoluoi91"]
[Black "sergeikim"]
[Result "1-0"]
[WhiteElo "2504"]
[BlackElo "2411"]
[TimeControl "180+2"]
[EndTime "13:51:47 PDT"]
[Termination "meoluoi91 won by checkmate"]

1. d4 Nf6 2. c4 g6 3. Nc3 Bg7 4. e4 d6 5. Be2 O-O 6. Bg5 Nbd7 7. Qd2 a6 8. Nf3 e5 9. d5 Nc5 10. Qc2 a5 11. h3 c6 12. Rd1 Qb6 13. O-O h6 14.
Be3 cxd5 15. cxd5 Qb4 16. Nd2 a4 17. a3 Qa5 18. Nc4 Qd8 19. Nxd6 Nb3 20. Nc4 Nd4 21. Bxd4 exd4 22. Nb5 Nd7 23. Nxd4 Qh4 24. Nb5 Ne5 25. Nb6 Rb8 26. Nxc8 Rbxc8 27. Qxa4 Qf4 28. g3 Qf6 29. Nc3 Nf3+ 30. Kg2 Nd4 31. Rd2 Qe5 32. f4 Qc7 33.
Rxd4 Ra8 34. Qc4 Qb6 35. Rd2 Rfc8 36. Qb5 Qe3 37. Rd3 Qa7 38. Rfd1 Rc5 39. Qb3 Rac8 40. d6 Rd8 41. d7 b6 42. e5 Qb7+ 43. Bf3 Qc7 44.
Nb5 Qb8 45. e6 fxe6 46. Qxe6+ Kh7 47. Nd6 Rc2+ 48. R1d2 Rxd2+ 49. Rxd2 Bf8 50. Be4 Bxd6 51. Qxg6+ Kh8 52. Qh7# 1-0

[Event "*** Titled Tuesday Blitz"]
[Site "Chess.com"]
[Date "2018.07.03"]
[Round "4"]
[White "ozates"]
[Black "kleinebeer98"]
[Result "1-0"]
[WhiteElo "2346"]
[BlackElo "2443"]
[TimeControl "180+2"]
[EndTime "13:51:52 PDT"]
[Termination "ozates won by resignation"]

1. e4 c5 2. Nf3 Nc6 3. Bb5 d6 4. Bxc6+ bxc6 5. O-O e5 6. c3 Nf6 7. Re1 Bg4 8. d3 Be7 9. Nbd2 O-O 10. h3 Bh5 11. Nf1 Rb8 12. Ng3 Bg6 13. Nh4 Nd7 14.
Nhf5 Nf6 15. Qf3 Re8 16. Re2 d5 17. Bg5 h6 18. Nxe7+ Qxe7 19. Bxf6 Qxf6 20. Qxf6 gxf6 21. f3 Red8 22. a3 Rb3 23. Nf1 c4 24. dxc4 dxe4 25. fxe4 Rdb8 26. Ra2 f5 27. exf5 Bxf5 28. Rxe5 Be6 29. Ne3 Rxb2 30. Rxb2 Rxb2 31. Nf5 Bxf5 32. Rxf5 Rb3 33. Rf6 Kg7 34. Rxc6 Rxa3 35. Kf2 Rxc3 36. Ke2 Rc2+ 37. Kf3 a5 38. g4 a4 39. Ke4 a3 40.
Kd5 Rd2+ 41. Kc5 Rh2 42. Ra6 Rxh3 43. Kc6 Rg3 44. c5 Rxg4 45. Rxa3 Rc4 46. Kd6 h5 47. c6 Kg6 48. Ra5 Rxc6+ 49. Kxc6 h4 50. Kd5 Kf5 51. Kd4+ Kf4 52. Rh5 Kg3 53. Ke3 f6 54.
Rh6 h3 55. Rg6+ Kh4 56. Kf2 1-0

[Event "*** Titled Tuesday Blitz"]
[Site "Chess.com"]
[Date "2018.07.03"]
[Round "4"]
[White "VerdeNotte"]
[Black "OparinGrigoriy"]
[Result "1/2-1/2"]
[WhiteElo "2593"]
[BlackElo "2884"]
[TimeControl "180+2"]
[EndTime "13:51:54 PDT"]
[Termination "Game drawn by agreement"]

1. Nf3 Nf6 2. c4 e6 3. g3 b6 4. Bg2 Bb7 5. O-O Be7 6. Nc3 c5 7.
Re1 Ne4 8. Nxe4 Bxe4 9. d4 O-O 10.
d5 exd5 11. cxd5 d6 12. Bf4 Re8 13. Qb3 Nd7 14. Nd4 cxd4 15. Bxe4 Nc5 16. Qc2 g6 17. Bf3 Rc8 18. Qd2 Bf6 19. h4 Be5 20. Rac1 Qe7 21. b4 Na4 22. Rc6 Nc3 23. a3 Bxf4 24. Qxf4 d3 25. Qd2 Nxe2+ 26. Bxe2 dxe2 27. Rxe2 Qxe2 28. Qxe2 Rxe2 29. Rxc8+ Kg7 30. Rd8 Ra2 31. Rxd6 Rxa3 32. Rd7 Kf6 33. g4 h6 34. Kg2 g5 35. Rd6+ Kg7 36.
hxg5 hxg5 37. f3 Ra4 38. Rd7 Kf6 39. b5 Ra5 40. d6 Rxb5 41. Rxa7 Rd5 42. d7 b5 43. Rb7 Kg6 44. Kf2 b4 45. Ke3 b3 46.
Ke4 Rd1 47. Ke5 b2 48. Rb6+ Kg7 49. Rxb2 Rxd7 50. Rb5 Kg6 1/2-1/2

[Event "*** Titled Tuesday Blitz"]
[Site "Chess.com"]
[Date "2018.07.03"]
[Round "4"]
[White "ChessMavenYeti"]
[Black "Caterpiller35"]
[Result "0-1"]
[WhiteElo "2197"]
[BlackElo "2295"]
[TimeControl "180+2"]
[EndTime "13:51:57 PDT"]
[Termination "Caterpiller35 won by resignation"]

1. d4 Nf6 2. c4 e6 3. Nc3 Bb4 4. Qc2 O-O 5. Nf3 d5 6. cxd5 exd5 7. Bg5 h6 8. Bxf6 Qxf6 9. e3 Bf5 10. Qb3 Bxc3+ 11. bxc3 Qb6 12. Qxd5 Qb2 13. Rd1 Qxc3+ 14. Nd2 Bg4 15. Rb1 Nc6 16. Qc4 Qa5 17. Rb5 Qa3 18.
Bd3 Be6 19. Qc2 Nb4 20. Bh7+ Kh8 21. Qb1 Nxa2 22. Rxb7 Nc3 23. Qc2 Qa1+ 24. Nb1 Rab8 25. Rxb8 Rxb8 26. O-O Nxb1 27. Rxb1 Rxb1+ 28. Qxb1 Qc3 29. Be4 g6 30. Qb8+ Kg7 31. h3 a5 32. Qb5 Qe1+ 33. Qf1 Qc3 34. Qb5 Qb4 35. Qe5+ Kg8 36. Qxc7 Qe1+ 37.
Kh2 Qxf2 38. Qd8+ Kg7 39. Qxa5 Qxe3 40. Qe5+ Kg8 41. Bf3 Qxe5+ 42. dxe5 Kf8 43. Kg3 Ke7 44. Kf4 Kd7 45. Bg4 Bxg4 46. Kxg4 Ke6 47. Kf4 Kd5 48. h4 h5 49. g3 Kd4 50. e6 fxe6 51. Kg5 e5 52.
Kxg6 e4 53. g4 e3 54. gxh5 e2 55. h6 e1=Q 56. h7 Qe5 57. h5 Qh8 58. h6 Ke5 0-1

[Event "*** Titled Tuesday Blitz"]
[Site "Chess.com"]
[Date "2018.07.03"]
[Round "4"]
[White "ftorodent"]
[Black "Grebeniuk-S"]
[Result "1-0"]
[WhiteElo "2521"]
[BlackElo "2458"]
[TimeControl "180+2"]
[EndTime "13:51:58 PDT"]
[Termination "ftorodent won by resignation"]

1. d4 f5 2. g3 Nf6 3. Bg2 d6 4. c3 g6 5. Qb3 c6 6. Nf3 Qb6 7.
O-O Bg7 8. Nbd2 Qxb3 9. axb3 Be6 10.
b4 Nbd7 11. Re1 Bd5 12. Ng5 Bxg2 13. Kxg2 Nf8 14. e4 h6 15. Ngf3 fxe4 16. Nxe4 Kd7 17. h4 Ne6 18. Ra5 Nc7 19. Nxf6+ exf6 20. h5 g5 21. g4 d5 22. Ra1 a6 23. Nh2 f5 24.
gxf5 Rhf8 25. Bd2 Rxf5 26. Re2 Re8 27. Rae1 Rxe2 28. Rxe2 Nb5 29. Ng4 Nd6 30. f3 Rf7 31. Be1 Nf5 32. Bg3 Re7 33. Be5 Bxe5 34. Nxe5+ Kc7 35.
Kf2 Kb6 36. f4 gxf4 37. Kf3 Kb5 38. Kxf4 Nd6 39. b3 Rg7 40. Ng6 Rf7+ 41. Ke5 Ne4 42.
Re3 Rf1 43. Ne7 Rh1 44. Nf5 Rxh5 45. Ke6 Rh1 46. Kd7 h5 47. Kc7 b6 48. Rxe4 a5 49. Nd6+ Ka6 50. Re8 Ka7 51. Kxc6 axb4 52. Nb5+ 1-0